 Dungeon Crawl Stone Soup version 0.27-a0-1193-g8631133539 (webtiles) character file.

Game seed: 1372560862686055531

157 bande the Covered (level 5, -5/33 HPs)
             Began as a Gargoyle Fighter on May 26, 2021.
             Slain by Crazy Yiuf
             ... wielding a +3 quarterstaff of chaos
              (8 damage)
             ... on level 2 of the Dungeon.
             The game lasted 00:04:23 (2323 turns).

bande the Covered (Gargoyle Fighter)                Turns: 2323, Time: 00:04:23

Health: -5/33      AC: 11    Str: 19    XL:     5   Next: 38%
Magic:  4/5        EV:  7    Int:  9    God:
Gold:   56         SH: 10    Dex: 10    Spells: 2/4 levels left

rFire    . . .     SeeInvis .   a - +0 war axe
rCold    + . .     Faith    .   c - +1 kite shield
rNeg     + . .     Spirit   .   b - +0 scale mail
rPois    ∞         Reflect  .   (no helmet)
rElec    +         Harm     .   (no cloak)
rCorr    .         Rampage  .   (no gloves)
Will     .....                  (no boots)
Stlth    ..........             (no amulet)
HPRegen  0.11/turn              h - ring of protection from cold
MPRegen  0.09/turn              (no ring)

@: no status effects
A: sickness immunity, AC +4, negative energy resistance 1, electricity
resistance, torment resistance 1, petrification resistance
a: no special abilities


You were on level 2 of the Dungeon.
You visited 1 branch of the dungeon, and saw 2 of its levels.

You collected 56 gold pieces.

Inventory:

Hand Weapons
 a - a +0 war axe (weapon)
 e - a +0 flail
Armour
 b - a +0 scale mail (worn)
 c - a +1 kite shield (worn)
Jewellery
 h - a ring of protection from cold (left hand)
Potions
 d - a potion of might
 f - a potion of brilliance {unknown}
 g - 2 potions of ambrosia
 i - 2 potions of invisibility {unknown}
 j - 2 potions of curing {unknown}


   Skills:
 + Level 3.7 Fighting
 + Level 3.0 Axes
 + Level 4.2 Armour
 + Level 0.2 Dodging
 + Level 4.1 Shields
 * Level 1.2 Translocations


You had 2 spell levels left.
You knew the following spells:

 Your Spells              Type           Power      Damage    Failure   Level
a - Blink                 Tloc           N/A        N/A       99%         2

Your spell library contained the following spells:

 Spells                   Type           Power      Damage    Failure   Level
 Magic Dart               Conj           0%         1d3       99%         1
 Call Imp                 Summ           0%         N/A       100%        2
 Slow                     Hex            0%         N/A       100%        2
 Conjure Flame            Conj/Fire      0%         6-21      100%        3
 Mephitic Cloud           Conj/Pois/Air  0%         N/A       100%        3


Dungeon Overview and Level Annotations

Branches:
Dungeon (2/15)

Altars:

Annotations:
D:2 Crazy Yiuf


Innate Abilities, Weirdness & Mutations

You are immune to sickness and miasma.
Your stone body is resilient. (AC +4)
You are immune to poison.
You resist negative energy. (rN+)
You are resistant to electric shocks. (rElec)
You are resistant to unholy torment.
You are immune to petrification.


Message History

You now have 56 gold pieces (gained 11).
j - 2 black potions
There is a stone staircase leading down here.
Things that are here:
a +0 club; a stone; a kobold corpse You see here an adder corpse.
You see here a +0 leather armour.
You see here a +0 club.
You see here a +0 club.
Crazy Yiuf grits, "Action wrapper fast!"
Could not explore, unopened runed door.
As you open the door, it creaks loudly!
You hit Crazy Yiuf.
Crazy Yiuf is lightly wounded.
Crazy Yiuf says, "Lay!"
You block Crazy Yiuf's attack.
Crazy Yiuf screams, "Blight!"
Crazy Yiuf barely misses you.
You barely miss Crazy Yiuf.
Crazy Yiuf is lightly wounded.
Crazy Yiuf says, "Sif Muna unthinkable forty-two!"
Crazy Yiuf hits you with a +3 quarterstaff of chaos. x2
Crazy Yiuf burns you.
You hit Crazy Yiuf.
Crazy Yiuf is moderately wounded.
Crazy Yiuf cries, "Cake green noodlescoop!"
Crazy Yiuf hits you with a +3 quarterstaff of chaos!
You feel your power leaking away.
You hit Crazy Yiuf.
Crazy Yiuf is heavily wounded.
You block Crazy Yiuf's attack. Crazy Yiuf hits you but does no damage.
You hit Crazy Yiuf.
Crazy Yiuf is severely wounded.
Crazy Yiuf hits you but does no damage. Space warps horribly around you!!
Ouch! That really hurt!
* * * LOW HITPOINT WARNING * * *
You closely miss Crazy Yiuf.
Crazy Yiuf is severely wounded.
Crazy Yiuf hits you with a +3 quarterstaff of chaos!
You die...

.....#.##
#.........#
....##..##
#.........#
....###..#
#>........#
....######
########.##
........# ###
....##..#
######.#### **###
#....### ###..)#
#.....P####@g...#
##......#..##...#
##....#.###**###
########


You could see Crazy Yiuf.

Vanquished Creatures
  Natasha (thrice) (D:2)
  2 adders (D:2)
  A worm (D:2)
  2 dart slugs (D:1)
  6 ball pythons
  2 bats (D:1)
  6 endoplasms
  A giant cockroach (D:1)
  3 hobgoblins (D:1)
  5 jackals (D:1)
  3 quokkas (D:1)
  4 frilled lizards
  6 goblins
  9 kobolds
  4 rats
  A bush (D:2)
58 creatures vanquished.

Vanquished Creatures (others)
  3 fungi (D:2)
  7 plants (D:1)
  6 withered plants (D:1)
16 creatures vanquished.

Grand Total: 74 creatures vanquished

Notes
Turn   | Place    | Note
-------+----------+-------------------------------------------
     0 | D:1      | bande the Gargoyle Fighter began the quest for the Orb.
     0 | D:1      | Reached XP level 1. HP: 14/14 MP: 1/1
   136 | D:1      | Reached XP level 2. HP: 13/19 MP: 2/2
   417 | D:1      | Reached XP level 3. HP: 15/23 MP: 3/3
   563 | D:1      | Learned a level 2 spell: Blink
  1149 | D:1      | Found a faded altar of an unknown god.
  1649 | D:2      | Found a runed translucent door.
  1650 | D:2      | Noticed Crazy Yiuf
  1670 | D:2      | Reached XP level 4. HP: 28/28 MP: 4/4
  1845 | D:2      | Noticed Natasha
  1859 | D:2      | Killed Natasha
  1891 | D:2      | Noticed Natasha
  1904 | D:2      | Killed Natasha
  1905 | D:2      | Reached skill level 1 in Translocations
  1905 | D:2      | Reached XP level 5. HP: 21/33 MP: 5/5
  1913 | D:2      | Noticed Natasha
  1917 | D:2      | Killed Natasha
  2323 | D:2      | Slain by Crazy Yiuf

Illustrated notes

Levels and vault maps discovered:
D:1:      evilmike_arrival_plus, layout_basic,
          shapermc_ecumenical_altar_flowoftime, chequers_serial_rivers_small_3,
          minmay_tall_x
D:2:      layout_rooms, uniq_crazy_yiuf_cottage, uniq_natasha

Skill      XL: |  1  2  3  4  5 |
---------------+----------------+-----
Axes           | 2 3 |  3.0
Armour         | 4 |  4.2
Shields        | 4 |  4.1
Translocations | 1 |  1.2
Fighting       | |  3.7
Dodging        | |  0.2

Action                   |  1- 3 |  4- 6 || total
-------------------------+-------+-------++-------
Melee: War axe           |   172 |    67 ||   239
  Use: Scroll            |     4 |     2 ||     6
Armor: Scale mail        |    64 |    32 ||    96
Dodge: Dodged            |    41 |    21 ||    62
Block: Kite shield       |    87 |    35 ||   122

Table legend: (Time is in decaauts)
 A = Elapsed time spent in this place.
 B = Non-inter-level travel time spent in this place.
 C = Inter-level travel time spent in this place.
 D = Time resting spent in this place.
 E = Time spent auto-exploring this place.
 F = Levels seen in this place.
 G = Mean time per level.
                   A        B        C        D        E       F      G
               +--------+--------+--------+--------+--------+-----+--------+
         Total |   2483 |   2455 |     28 |    396 |   1449 |   2 | 1241.5 |
       Dungeon |   2483 |   2455 |     28 |    396 |   1449 |   2 | 1241.5 |
               +--------+--------+--------+--------+--------+-----+--------+

Top non-repeatable levels by time:
     D:1: 1646 daAuts
     D:2: 837 daAuts
